 Dungeon Crawl Stone Soup version 0.31.0-11-ge490571c62 (webtiles) character file.

Game seed: 6647001366487230693

60 qw the Shooter (level 3, -2/18 HPs)
             Began as a Spriggan Hunter on Feb 4, 2024.
             Slain by a gnoll
             ... wielding a +0 halberd
              (7 damage)
             ... on level 2 of the Dungeon.
             The game lasted 00:00:03 (726 turns).

qw the Shooter (Spriggan Hunter)                     Turns: 726, Time: 00:00:04

Health: -2/18      AC:  2    Str:  7    XL:     3   Next: 80%
Magic:  4/4        EV: 19    Int: 10    God:
Gold:   42         SH:  0    Dex: 20    Spells: 2/2 levels left

rFire   . . .        a - +0 shortbow
rCold   . . .        (shield currently unavailable)
rNeg    . . .        c - +0 robe
rPois   .            (helmet restricted)
rElec   .            (no cloak)
rCorr   .            (gloves unavailable)
SInv    +            (boots unavailable)
Will    .....        (no amulet)
Stlth   ++           (no ring)
HPRegen 0.23/turn    (no ring)
MPRegen 0.09/turn

%: no passive effects
@: very quick
A: very small, no large weapons, unfitting armour, see invisible, speed 3
a: no special abilities


You were on level 2 of the Dungeon.
You visited 1 branch of the dungeon, and saw 2 of its levels.

You collected 42 gold pieces.


Innate Abilities, Weirdness & Mutations

You are very small and have problems with some larger weapons.
You are too small for most types of armour.
You have supernaturally acute eyesight. (SInv)
You cover ground extremely quickly. (Speed+++)


   Skills:
 - Level 1.5 Fighting
 - Level 5.0 Ranged Weapons
 + Level 4.0 Dodging
 - Level 1.5 Stealth


You had 2 spell levels left.
You didn't know any spells.
Your spell library was empty.

Inventory:

Hand Weapons
 a - a +0 shortbow (weapon)
Armour
 c - a +0 robe (worn)
Scrolls
 b - a scroll of identify
Potions
 e - a potion of enlightenment
 f - a potion of mutation {unknown}

Dungeon Overview and Level Annotations

Branches:
Dungeon (2/15)

Altars:

Shops:
D:1 !


Message History

The gnoll shouts!
The kobold barely misses you.
You shoot an arrow. The arrow hits the kobold.
The kobold is moderately wounded.
The kobold misses you.
You shoot an arrow. The arrow closely misses the kobold.
The kobold completely misses you.
You shoot an arrow. The arrow closely misses the kobold.
The kobold closely misses you.
You shoot an arrow.
The arrow hits the kobold but does no damage.
The kobold is moderately wounded.
The kobold barely misses you.
You shoot an arrow. The arrow closely misses the kobold.
The kobold barely misses you. The gnoll barely misses you.
You shoot an arrow.
The arrow hits the kobold but does no damage.
The kobold is moderately wounded.
The kobold misses you. The gnoll closely misses you. The gnoll misses you.
The kobold barely misses you.
You shoot an arrow. The arrow barely misses the kobold.
The kobold closely misses you. The gnoll closely misses you.
You shoot an arrow. The arrow closely misses the kobold.
The kobold misses you. The gnoll closely misses you.
You shoot an arrow. The arrow hits the kobold.
You kill the kobold!
The gnoll closely misses you.
You shoot an arrow. The arrow hits the gnoll!
The gnoll is severely wounded.
The gnoll completely misses you. x2
You shoot an arrow. The arrow closely misses the gnoll.
The gnoll hits you with a +0 club. The gnoll barely misses you.
You shoot an arrow. The arrow hits the gnoll.
You kill the gnoll!
The gnoll barely misses you. The gnoll misses you.
Your Ranged Weapons skill increases to level 5!
You shoot an arrow. The arrow hits the gnoll.
The gnoll is heavily wounded.
The gnoll hits you from afar with a +0 halberd!
You die...

#..............#.
####...............
#.........#.#####.
..##.#>.).####.#
.....<....# #.#
...##...#.# #.# .
#.....# #.########.
#[..#..###..#.......
..#.##.##.g)@.#
...........#)###
......##.####)#
......## #.. ....
###. .# .#


You could see a gnoll.

Vanquished Creatures
  3 gnolls (D:2)
  A dart slug (D:1)
  3 endoplasms (D:1)
  4 giant cockroaches (D:1)
  4 goblins (D:1)
  A hobgoblin (D:1)
  5 kobolds
  3 bats (D:1)
  2 frilled lizards (D:1)
  2 rats (D:1)
28 creatures vanquished.

Notes
Turn   | Place    | Note
-------+----------+-------------------------------------------
     0 | D:1      | qw the Spriggan Hunter began the quest for the Orb.
     0 | D:1      | Reached XP level 1. HP: 10/10 MP: 2/2
     0 | D:1      | 0 ||| qw: Version: 0.3-a-160-g6735b56
     0 | D:1      | 0 ||| qw: Game counter: 5592
     0 | D:1      | 0 ||| qw: Melee chars always use a shield: true
     0 | D:1      | 0 ||| qw: God list: Okawaru
     0 | D:1      | 0 ||| qw: Allow faded altars: false
     0 | D:1      | 0 ||| qw: Do Orc after clearing Dungeon:15 true
     0 | D:1      | 0 ||| qw: Do second Lair branch before Depths: true
     0 | D:1      | 0 ||| qw: Lair rune preference: random
     0 | D:1      | 0 ||| qw: Goals: Normal
     0 | D:1      | 0 ||| PLANNING D:1-11
    60 | D:1      | Reached skill level 3 in Dodging
   116 | D:1      | Found Minnuoj's Distillery.
   121 | D:1      | 121 ||| SHOPLISTING potion of curing (39 gold, have 14).
   121 | D:1      | 121 ||| SHOPLISTING potion of enlightenment (65 gold, have
                  | 14).
   121 | D:1      | 121 ||| SHOPLISTING potion of mutation (104 gold, have 14).
   145 | D:1      | Reached XP level 2. HP: 14/14 MP: 3/3
   229 | D:1      | Found a faded altar of an unknown god.
   668 | D:1      | 668 ||| READING 2 scrolls labelled PEMAT ELAEWNY.
   668 | D:1      | 668 ||| IDENTIFYING cyan potion
   669 | D:1      | 669 ||| READING scroll of identify.
   669 | D:1      | 669 ||| IDENTIFYING sapphire potion
   670 | D:1      | 670 ||| READING scroll labelled TICHUSH KICSU.
   671 | D:1      | 671 ||| READING scroll labelled VANETE HEKIXASH.
   672 | D:1      | 672 ||| DROPPING scroll of butterflies.
   673 | D:1      | 673 ||| DROPPING potion of degeneration.
   680 | D:2      | Reached XP level 3. HP: 18/18 MP: 4/4
   709 | D:2      | HP: 3/18 [gnoll/+0 spear (5)]
   726 | D:2      | Reached skill level 5 in Ranged Weapons
   726 | D:2      | Slain by a gnoll

Levels and vault maps discovered:
D:1:      heliophobic_arrival_battle_scene, layout_basic, serial_shops,
          nicolae_shop_just_a_little_nook,
          dreamdust_ecumenical_altar_hidden_monk_grotto
D:2:      layout_rooms

Skill      XL: |  1  2  3 |
---------------+----------+-----
Dodging        | 3 4 |  4.0
Ranged Weapons | 5 |  5.0
Fighting       | |  1.5
Stealth        | |  1.5

Action                     || total
---------------------------++-------
   Fire: Shortbow          ||    86
    Use: Scroll            ||     4
 Armour: Robe              ||     6
  Dodge: Dodged            ||    33

Table legend:
 A = Non-vault XP
 B = Vault XP
 C = Vault XP percentage of total XP
 D = Non-vault monster count
 E = Vault monster count
 F = Vault count percentage of total count
                 A         B        C        D         E       F
            +---------+---------+-------+---------+---------+-------
      Total |      86 |       0 |   0.0 |      28 |       0 |   0.0
            +---------+---------+-------+---------+---------+-------
        D:1 |      39 |       0 |   0.0 |      23 |       0 |   0.0
        D:2 |      47 |       0 |   0.0 |       5 |       0 |   0.0
            +---------+---------+-------+---------+---------+-------
